Calgary Flames vs New York Rangers
Created - Saturday, November 30, 2024 at 09:21
Goals
|
| Calgary Flames |
0 |
0 |
1 |
1 |
| New York Rangers |
2 |
0 |
1 |
3 |
|
Shots
|
| Calgary Flames |
9 |
7 |
12 |
28 |
| New York Rangers |
17 |
6 |
8 |
31 |
|
1st period
1. New York Rangers , Nikolaj Ehlers 22 (Mathew Barzal 29, Joe Pavelski 22) at 14:40 (PP)
2. New York Rangers , Mathew Barzal 18 (Nikolaj Ehlers 21, Jake McCabe 25) at 15:45
Penalties :
Jake Middleton (CGY) for High sticking (Minor) at 13:26, Garnet Hathaway (CGY) for Delaying the game (Minor) at 16:38
2nd period
No Goal
Penalties :
Brendan Smith (NYR) for Cross-checking (Minor) at 1:30, Mathieu Joseph (CGY) for Cross-checking (Minor) at 4:02, Dmitry Kulikov (NYR) for Roughing (Minor) at 18:20
3rd period
3. Calgary Flames , Jeff Petry 4 (Nic Dowd 20) at 0:32
4. New York Rangers , Nathan MacKinnon 33 (Cole Caufield 24, Dylan Strome 45) at 2:28 (PP)
Penalties :
Jake Middleton (CGY) for High sticking (Double Minor) at 2:17, Artemi Panarin (NYR) for Cross-checking (Minor) at 5:26, Brendan Smith (NYR) for Hooking (Minor) at 7:49
Goalie Stats
Ilya Sorokin (CGY), 28 saves from 31 shots - (0.903), L, 35-17-4, 60:00 minutes
Igor Shesterkin (NYR), 27 saves from 28 shots - (0.964), W, 36-16-8, 60:00 minutes
Players Stats for Calgary Flames
Player Name G A P +/- PIM S H SB GA TA FO MP PP MP PK MP
------------------------------------------------------------------------------------
Cole Sillinger 0 0 0 -1 0 2 1 2 0 0 0/0 11:54 0:00 0:00
Drew Doughty 0 0 0 0 0 3 0 0 1 1 0/0 23:35 4:16 3:35
Garnet Hathaway 0 0 0 1 2 2 1 0 0 1 0/0 8:44 0:14 0:00
J.T. Miller 0 0 0 0 0 4 3 0 0 0 12/19 20:37 4:07 3:48
Jake Middleton 0 0 0 0 6 0 1 0 0 2 0/0 14:57 0:00 2:05
Jeff Petry 1 0 1 0 0 1 0 3 0 0 0/0 20:54 3:40 1:10
Jeremy Lauzon 0 0 0 0 0 1 3 1 0 3 0/0 23:31 3:40 3:47
Joel Eriksson Ek 0 0 0 0 0 2 2 1 1 0 1/3 18:47 3:35 3:34
Mathieu Joseph 0 0 0 -1 2 1 0 0 0 1 0/0 12:08 0:14 0:00
Matthew Tkachuk 0 0 0 0 0 3 2 1 2 0 0/0 19:58 3:35 3:34
Nic Dowd 0 1 1 1 0 1 0 0 1 1 6/7 8:43 0:14 0:00
Oliver Bjorkstrand 0 0 0 -1 0 2 2 1 0 0 0/8 16:01 4:07 0:00
Pavel Zacha 0 0 0 0 0 0 0 0 0 0 1/8 20:08 3:35 3:48
Rasmus Andersson 0 0 0 0 0 1 1 1 0 1 0/0 24:07 4:16 4:07
Sebastian Aho 0 0 0 0 0 3 1 1 0 1 5/14 11:31 0:00 0:00
Vincent Desharnais 0 0 0 0 0 0 0 0 0 0 0/0 12:54 0:00 0:00
Yakov Trenin 0 0 0 1 0 2 0 1 1 0 1/1 8:27 0:00 0:00
Zach Hyman 0 0 0 0 0 0 1 1 1 0 0/0 15:38 4:07 0:00
Players Stats for New York Rangers
Player Name G A P +/- PIM S H SB GA TA FO MP PP MP PK MP
------------------------------------------------------------------------------------
Adam Larsson 0 0 0 0 0 2 1 1 1 0 0/0 19:40 0:00 4:41
Artemi Panarin 0 0 0 0 2 4 1 1 1 0 0/0 17:38 3:41 0:00
Brendan Smith 0 0 0 0 4 0 2 5 0 1 0/0 16:54 0:00 1:55
Cam Fowler 0 0 0 0 0 0 2 2 0 2 0/0 22:22 3:41 1:10
Cole Caufield 0 1 1 0 0 6 1 0 2 1 1/1 15:12 3:52 0:13
Conor Garland 0 0 0 0 0 2 2 1 1 0 0/0 8:34 0:00 0:00
David Kampf 0 0 0 0 0 0 1 0 1 0 5/7 11:50 0:00 3:16
Dmitry Kulikov 0 0 0 -1 2 1 0 0 1 1 0/0 13:30 0:00 0:13
Dylan Strome 0 1 1 0 0 2 1 0 1 0 14/22 18:22 3:52 1:35
Jake McCabe 0 1 1 1 0 1 1 0 0 2 0/0 20:53 3:41 3:25
Joe Pavelski 0 1 1 0 0 2 0 0 0 0 8/12 14:45 3:30 0:00
Marcus Foligno 0 0 0 -1 0 0 0 0 0 0 0/0 12:28 0:00 3:41
Mathew Barzal 1 1 2 1 0 3 1 1 0 0 0/2 16:02 3:30 0:12
Matthew Benning 0 0 0 -1 0 0 0 2 0 0 0/0 17:52 0:00 4:28
Mikael Granlund 0 0 0 -1 0 0 1 0 2 0 2/2 15:03 0:00 4:07
Nathan MacKinnon 1 0 1 0 0 4 0 1 0 0 1/2 16:20 3:52 0:00
Nikolaj Ehlers 1 1 2 1 0 3 1 0 1 0 0/0 15:42 3:30 0:00
Teuvo Teravainen 0 0 0 1 0 1 0 0 0 0 3/12 18:53 3:41 2:48
3 Stars
1 - Mathew Barzal (NYR)
2 - Nikolaj Ehlers (NYR)
3 - Igor Shesterkin (NYR)
Power Play
Calgary Flames - 0 on 4 Attempt(s) - 0.00%
New York Rangers - 2 on 5 Attempt(s) - 40.00%
Penalty Kill
Calgary Flames - 3 on 5 Attempt(s) - 60.00%
- Score 0 goal in Penalty Kill
New York Rangers - 4 on 4 Attempt(s) - 100.00%
- Score 0 goal in Penalty Kill
Team Stat
Calgary Flames - Hits : 18 - Faceoff Wins : 26 - Blocked Shots : 13 - Penalty Minutes : 10
New York Rangers - Hits : 15 - Faceoff Wins : 34 - Blocked Shots : 14 - Penalty Minutes : 8
Official
Referees : Jake Brenk and Chris Schlenker
Linesman : James Tobias and Jesse Marquis
Game Notes
No Game Note
Finance
Level 1 -- Attendance: 4510 (75.17%) -- Ticket Income $460,020
Level 2 -- Attendance: 4037 (80.74%) -- Ticket Income $254,331
Level 3 -- Attendance: 2010 (67.00%) -- Ticket Income $82,410
Level 4 -- Attendance: 3628 (72.56%) -- Ticket Income $101,584
Luxury Box -- Attendance: 750 (75.00%) -- Ticket Income $146,250
Game was played at the Madison Square Garden.
Total Attendance: 14935 (74.68%)
Total Ticket Income: $1,044,595
Other Income: $365,608
Total Income: $1,410,203
Calgary Flames
5 vs 5 Forward
Center Left Wing Right Wing Time % Phy DF OF
1 J.T. Miller Pavel Zacha Matthew Tkachuk 30 1 2 2
2 Sebastian Aho Zach Hyman Joel Eriksson Ek 30 1 2 2
3 Oliver Bjorkstrand Cole Sillinger Mathieu Joseph 25 1 2 2
4 Nic Dowd Yakov Trenin Garnet Hathaway 15 1 2 2
5 vs 5 Defense
Defense Defense Time % Phy DF OF
1 Drew Doughty Rasmus Andersson 35 1 2 2
2 Jeff Petry Jeremy Lauzon 35 1 2 2
3 Jake Middleton Vincent Desharnais 30 1 2 2
4 Drew Doughty Rasmus Andersson 0 1 2 2
PowerPlay Forward
Center Left Wing Right Wing Time % Phy DF OF
1 Joel Eriksson Ek Pavel Zacha Matthew Tkachuk 50 1 2 2
2 Oliver Bjorkstrand Zach Hyman J.T. Miller 50 1 2 2
PowerPlay Defense
Defense Defense Time % Phy DF OF
1 Drew Doughty Rasmus Andersson 50 1 2 2
2 Jeremy Lauzon Jeff Petry 50 1 2 2
Penalty Kill 4 Players Forward
Center Wing Time % Phy DF OF
1 Pavel Zacha J.T. Miller 50 1 2 2
2 Joel Eriksson Ek Matthew Tkachuk 50 1 2 2
Penalty Kill 4 Players Defense
Defense Defense Time % Phy DF OF
1 Drew Doughty Rasmus Andersson 50 1 2 2
2 Jake Middleton Jeremy Lauzon 50 1 2 2
Penalty Kill - 3 Players Forward
Forward Time % Phy DF OF
1 Matthew Tkachuk 50 1 2 2
2 Pavel Zacha 50 1 2 2
Penalty Kill - 3 Players Defense
Defense Defense Time % Phy DF OF
1 Drew Doughty Rasmus Andersson 50 1 2 2
2 Jeremy Lauzon Jake Middleton 50 1 2 2
4 vs 4 Forward
Center Wing Time % Phy DF OF
1 Pavel Zacha J.T. Miller 50 1 2 2
2 Joel Eriksson Ek Matthew Tkachuk 50 1 2 2
4 vs 4 Defense
Defense Defense Time % Phy DF OF
1 Drew Doughty Rasmus Andersson 50 1 2 2
2 Jake Middleton Vincent Desharnais 50 1 2 2
Last Minutes Offensive
Center Left Wing Right Wing Defense Defense
J.T. Miller Pavel Zacha Matthew Tkachuk Drew Doughty Rasmus Andersson
Last Minutes Defensive
Center Left Wing Right Wing Defense Defense
J.T. Miller Pavel Zacha Matthew Tkachuk Drew Doughty Rasmus Andersson
Goaltenders
Starting : Ilya Sorokin
Backup : Samuel Montembeault
Extra Forwards
Normal : Nic Dowd, Oliver Bjorkstrand, Cole Sillinger - PP : Nic Dowd, Oliver Bjorkstrand - PK : Cole Sillinger
Extra Defensemen
Normal : Jake Middleton, Jeremy Lauzon, Rasmus Andersson - PP : Jake Middleton - PK : Jeremy Lauzon, Rasmus Andersson
Penalty Shots
J.T. Miller, Nic Dowd, Joel Eriksson Ek, Matthew Tkachuk, Pavel Zacha
Scratches
Timo Meier (Healthy), Noel Acciari (Healthy), Rafael Harvey-Pinard (Healthy), Kris Letang (Healthy)
New York Rangers
5 vs 5 Forward
Center Left Wing Right Wing Time % Phy DF OF
1 Dylan Strome Artemi Panarin Nathan MacKinnon 30 0 1 4
2 Teuvo Teravainen Nikolaj Ehlers Mathew Barzal 30 0 2 3
3 Joe Pavelski Cole Caufield Mikael Granlund 25 1 2 2
4 David Kampf Marcus Foligno Conor Garland 15 1 2 2
5 vs 5 Defense
Defense Defense Time % Phy DF OF
1 Adam Larsson Jake McCabe 36 1 2 2
2 Cam Fowler Brendan Smith 33 1 2 2
3 Matthew Benning Dmitry Kulikov 31 1 2 2
4 Cam Fowler Adam Larsson 0 1 2 2
PowerPlay Forward
Center Left Wing Right Wing Time % Phy DF OF
1 Dylan Strome Cole Caufield Nathan MacKinnon 50 0 1 4
2 Joe Pavelski Nikolaj Ehlers Mathew Barzal 50 0 2 3
PowerPlay Defense
Defense Defense Time % Phy DF OF
1 Cam Fowler Artemi Panarin 50 0 2 3
2 Jake McCabe Teuvo Teravainen 50 0 2 3
Penalty Kill 4 Players Forward
Center Wing Time % Phy DF OF
1 Mikael Granlund Marcus Foligno 50 1 3 1
2 David Kampf Teuvo Teravainen 50 1 3 1
Penalty Kill 4 Players Defense
Defense Defense Time % Phy DF OF
1 Matthew Benning Adam Larsson 50 1 3 1
2 Jake McCabe Brendan Smith 50 1 3 1
Penalty Kill - 3 Players Forward
Forward Time % Phy DF OF
1 David Kampf 50 1 3 1
2 Mikael Granlund 50 1 3 1
Penalty Kill - 3 Players Defense
Defense Defense Time % Phy DF OF
1 Matthew Benning Adam Larsson 50 1 3 1
2 Jake McCabe Brendan Smith 50 1 3 1
4 vs 4 Forward
Center Wing Time % Phy DF OF
1 Nathan MacKinnon Artemi Panarin 50 1 2 2
2 Dylan Strome Teuvo Teravainen 50 1 2 2
4 vs 4 Defense
Defense Defense Time % Phy DF OF
1 Cam Fowler Adam Larsson 50 1 2 2
2 Jake McCabe Brendan Smith 50 1 2 2
Last Minutes Offensive
Center Left Wing Right Wing Defense Defense
Dylan Strome Artemi Panarin Nathan MacKinnon Jake McCabe Cam Fowler
Last Minutes Defensive
Center Left Wing Right Wing Defense Defense
David Kampf Marcus Foligno Mikael Granlund Matthew Benning Adam Larsson
Goaltenders
Starting : Igor Shesterkin
Backup : Kevin Lankinen
Extra Forwards
Normal : Joe Pavelski, Teuvo Teravainen, Dylan Strome - PP : David Kampf, Teuvo Teravainen - PK : Dylan Strome
Extra Defensemen
Normal : Dmitry Kulikov, Matthew Benning, Jake McCabe - PP : Dmitry Kulikov - PK : Matthew Benning, Jake McCabe
Penalty Shots
Artemi Panarin, Cole Caufield, David Kampf, Nathan MacKinnon, Joe Pavelski
Scratches
None
% Time on Ice - Calgary Flames
Lines # - Real PCT - Wanted PCT - Time Play
Normal Forward
1 - 29% - 30% - 12:47
2 - 26% - 30% - 11:35
3 - 27% - 25% - 11:53
4 - 19% - 15% - 8:27
Normal Defense
1 - 35% - 35% - 15:44
2 - 36% - 35% - 16:04
3 - 29% - 30% - 12:54
4 - 0% - 0% - 0:00
PP Forward
1 - 48% - 50% - 3:49
2 - 52% - 50% - 4:07
PP Defense
1 - 54% - 50% - 4:16
2 - 46% - 50% - 3:40
PK Forward
1 - 52% - 50% - 3:48
2 - 48% - 50% - 3:34
PK Defense
1 - 49% - 50% - 3:35
2 - 51% - 50% - 3:47
PK3 Forward
1 - 0% - 50%
2 - 0% - 50%
PK3 Defense
1 - 0% - 50%
2 - 0% - 50%
44 Forward
1 - 0% - 50%
2 - 0% - 50%
44 Defense
1 - 0% - 50%
2 - 0% - 50%
Last Minute Offensive - 0:00
Last Minute Defensive - 0:00
Total
Forward - 60:00
Defense - 60:00
|
% Time on Ice - New York Rangers
Lines # - Real PCT - Wanted PCT - Time Play
Normal Forward
1 - 28% - 30% - 12:43
2 - 29% - 30% - 12:45
3 - 24% - 25% - 10:40
4 - 19% - 15% - 8:34
Normal Defense
1 - 35% - 36% - 15:44
2 - 33% - 33% - 14:38
3 - 29% - 31% - 13:04
4 - 3% - 0% - 1:16
PP Forward
1 - 52% - 50% - 3:52
2 - 48% - 50% - 3:30
PP Defense
1 - 50% - 50% - 3:41
2 - 50% - 50% - 3:41
PK Forward
1 - 53% - 50% - 4:10
2 - 47% - 50% - 3:46
PK Defense
1 - 45% - 50% - 3:36
2 - 55% - 50% - 4:20
PK3 Forward
1 - 0% - 50%
2 - 0% - 50%
PK3 Defense
1 - 0% - 50%
2 - 0% - 50%
44 Forward
1 - 0% - 50%
2 - 0% - 50%
44 Defense
1 - 0% - 50%
2 - 0% - 50%
Last Minute Offensive - 0:00
Last Minute Defensive - 0:00
Total
Forward - 60:00
Defense - 60:00
|
Play-by-Play
1st period
0:01 of 1st period - J.T. Miller wins face-off versus Dylan Strome in neutral zone.
0:04 of 1st period - Snap shot by J.T. Miller.
0:04 of 1st period - Shot Misses the Net.
0:54 of 1st period - Icing by Adam Larsson.
0:55 of 1st period - Joe Pavelski wins face-off versus Oliver Bjorkstrand in New York Rangers zone.
1:19 of 1st period - Cole Sillinger is hit by Jake McCabe and loses puck.
1:40 of 1st period - Wrist shot by Oliver Bjorkstrand.
1:40 of 1st period - Shot Misses the Net.
2:12 of 1st period - Snap shot by Joe Pavelski.
2:12 of 1st period - Stopped by Ilya Sorokin with a rebound.
2:20 of 1st period - Mathieu Joseph is hit by Cole Caufield and loses puck.
2:27 of 1st period - Snap shot by Joe Pavelski.
2:27 of 1st period - Shot Misses the Net.
2:29 of 1st period - Slapshot by Adam Larsson.
2:29 of 1st period - Shot Misses the Net.
2:46 of 1st period - Icing by Jake McCabe.
2:47 of 1st period - Joe Pavelski wins face-off versus Sebastian Aho in New York Rangers zone.
3:01 of 1st period - Icing by Adam Larsson.
3:02 of 1st period - Joe Pavelski wins face-off versus J.T. Miller in New York Rangers zone.
3:07 of 1st period - Snap shot by Cole Caufield.
3:07 of 1st period - Stopped by Ilya Sorokin without a rebound.
3:08 of 1st period - J.T. Miller wins face-off versus Dylan Strome in Calgary Flames zone.
3:19 of 1st period - Snap shot by Matthew Tkachuk.
3:19 of 1st period - Shot Misses the Net.
3:25 of 1st period - Wrist shot by Artemi Panarin.
3:25 of 1st period - Stopped by Ilya Sorokin with a rebound.
3:39 of 1st period - Wrist shot by David Kampf.
3:39 of 1st period - Shot Blocked by Jeremy Lauzon.
3:41 of 1st period - Snap shot by Marcus Foligno.
3:41 of 1st period - Shot Blocked by Jeff Petry.
4:04 of 1st period - Off-side.
4:05 of 1st period - Sebastian Aho wins face-off versus Dylan Strome in neutral zone.
4:41 of 1st period - Snap shot by Sebastian Aho.
4:41 of 1st period - Shot Blocked by Brendan Smith.
4:43 of 1st period - Backhand shot by Vincent Desharnais.
4:43 of 1st period - Shot Blocked by Brendan Smith.
4:47 of 1st period - Slapshot by Joel Eriksson Ek.
4:47 of 1st period - Shot Blocked by Brendan Smith.
4:57 of 1st period - Snap shot by Joel Eriksson Ek.
4:57 of 1st period - Stopped by Igor Shesterkin without a rebound.
4:58 of 1st period - Teuvo Teravainen wins face-off versus Nic Dowd in New York Rangers zone.
5:32 of 1st period - Wrist shot by J.T. Miller.
5:32 of 1st period - Shot Blocked by Matthew Benning.
7:06 of 1st period - Wrist shot by Conor Garland.
7:06 of 1st period - Stopped by Ilya Sorokin without a rebound.
7:07 of 1st period - David Kampf wins face-off versus Oliver Bjorkstrand in Calgary Flames zone.
7:12 of 1st period - Wrist shot by Conor Garland.
7:12 of 1st period - Shot Misses the Net.
7:16 of 1st period - Snap shot by Conor Garland.
7:16 of 1st period - Deflect By David Kampf.
7:16 of 1st period - Shot Misses the Net.
7:16 of 1st period - Puck is out of play.
7:17 of 1st period - J.T. Miller wins face-off versus Teuvo Teravainen in Calgary Flames zone.
7:54 of 1st period - Wrist shot by Nathan MacKinnon.
7:54 of 1st period - Stopped by Ilya Sorokin with a rebound.
8:50 of 1st period - Snap shot by Mathieu Joseph.
8:50 of 1st period - Shot Misses the Net.
8:54 of 1st period - Slapshot by Oliver Bjorkstrand.
8:54 of 1st period - Stopped by Igor Shesterkin with a rebound.
8:56 of 1st period - Slapshot by Drew Doughty.
8:56 of 1st period - Shot Misses the Net.
10:44 of 1st period - Wrist shot by Sebastian Aho.
10:44 of 1st period - Stopped by Igor Shesterkin without a rebound.
10:45 of 1st period - Sebastian Aho wins face-off versus Joe Pavelski in New York Rangers zone.
10:50 of 1st period - Snap shot by Sebastian Aho.
10:50 of 1st period - Stopped by Igor Shesterkin with a rebound.
10:56 of 1st period - Snap shot by Cole Caufield.
10:56 of 1st period - Stopped by Ilya Sorokin with a rebound.
10:58 of 1st period - Snap shot by Mikael Granlund.
10:58 of 1st period - Shot Blocked by Joel Eriksson Ek.
11:00 of 1st period - Slapshot by Matthew Benning.
11:00 of 1st period - Deflect By Cole Caufield.
11:00 of 1st period - Stopped by Ilya Sorokin with a rebound.
11:02 of 1st period - Wrist shot by Cole Caufield.
11:02 of 1st period - Shot Misses the Net.
11:04 of 1st period - Slapshot by Matthew Benning.
11:04 of 1st period - Shot Blocked by Zach Hyman.
11:06 of 1st period - Wrist shot by Joe Pavelski.
11:06 of 1st period - Stopped by Ilya Sorokin with a rebound.
11:08 of 1st period - Snap shot by Dmitry Kulikov.
11:08 of 1st period - Stopped by Ilya Sorokin without a rebound.
11:09 of 1st period - J.T. Miller wins face-off versus Teuvo Teravainen in Calgary Flames zone.
11:09 of 1st period - J.T. Miller is hit by Brendan Smith.
11:19 of 1st period - Teuvo Teravainen is hit by J.T. Miller.
12:02 of 1st period - Wrist shot by Artemi Panarin.
12:02 of 1st period - Stopped by Ilya Sorokin without a rebound.
12:03 of 1st period - Yakov Trenin wins face-off versus David Kampf in Calgary Flames zone.
12:08 of 1st period - Snap shot by Drew Doughty.
12:08 of 1st period - Deflect By Conor Garland.
12:08 of 1st period - Stopped by Igor Shesterkin without a rebound.
12:09 of 1st period - J.T. Miller wins face-off versus Mathew Barzal in New York Rangers zone.
12:10 of 1st period - Wrist shot by Matthew Tkachuk.
12:10 of 1st period - Shot Misses the Net.
13:21 of 1st period - Snap shot by Joe Pavelski.
13:21 of 1st period - Shot Hit the Post.
13:23 of 1st period - Slapshot by Brendan Smith.
13:23 of 1st period - Deflect By Joe Pavelski.
13:23 of 1st period - Shot Misses the Net.
13:23 of 1st period - Puck is out of play.
13:24 of 1st period - Nic Dowd wins face-off versus Teuvo Teravainen in Calgary Flames zone.
13:26 of 1st period - Minor Penalty to Jake Middleton for High sticking.
13:27 of 1st period - Dylan Strome wins face-off versus Pavel Zacha in Calgary Flames zone.
13:39 of 1st period - Wrist shot by Dylan Strome.
13:39 of 1st period - Stopped by Ilya Sorokin with a rebound.
13:41 of 1st period - Snap shot by Cole Caufield.
13:41 of 1st period - Stopped by Ilya Sorokin with a rebound.
13:43 of 1st period - Slapshot by Cam Fowler.
13:43 of 1st period - Shot Misses the Net.
14:02 of 1st period - Wrist shot by Matthew Tkachuk.
14:02 of 1st period - Stopped by Igor Shesterkin without a rebound.
14:03 of 1st period - Dylan Strome wins face-off versus Pavel Zacha in New York Rangers zone.
14:40 of 1st period - Snap shot by Nikolaj Ehlers.
14:40 of 1st period - Goal by Nikolaj Ehlers - Calgary Flames : 0 - New York Rangers : 1.
14:41 of 1st period - J.T. Miller wins face-off versus Teuvo Teravainen in neutral zone.
14:50 of 1st period - Wrist shot by J.T. Miller.
14:50 of 1st period - Shot Misses the Net.
14:54 of 1st period - Wrist shot by Matthew Tkachuk.
14:54 of 1st period - Shot Hit the Post.
14:56 of 1st period - Slapshot by Drew Doughty.
14:56 of 1st period - Shot Misses the Net.
14:58 of 1st period - Wrist shot by J.T. Miller.
14:58 of 1st period - Shot Misses the Net.
15:08 of 1st period - Teuvo Teravainen is hit by Oliver Bjorkstrand and loses puck.
15:13 of 1st period - Snap shot by Mathieu Joseph.
15:13 of 1st period - Shot Misses the Net.
15:35 of 1st period - Slapshot by Mathew Barzal.
15:35 of 1st period - Deflect By Nikolaj Ehlers.
15:35 of 1st period - Stopped by Ilya Sorokin with a rebound.
15:37 of 1st period - Slapshot by Adam Larsson.
15:37 of 1st period - Shot Blocked by Cole Sillinger.
15:45 of 1st period - Wrist shot by Nikolaj Ehlers.
15:45 of 1st period - Deflect By Mathew Barzal.
15:45 of 1st period - Goal by Mathew Barzal - Calgary Flames : 0 - New York Rangers : 2.
15:46 of 1st period - J.T. Miller wins face-off versus Dylan Strome in neutral zone.
16:13 of 1st period - Brendan Smith is hit by Sebastian Aho and loses puck.
16:38 of 1st period - Minor Penalty to Garnet Hathaway for Delaying the game.
16:39 of 1st period - J.T. Miller wins face-off versus Joe Pavelski in Calgary Flames zone.
17:13 of 1st period - Jeremy Lauzon is hit by Cam Fowler and loses puck.
17:34 of 1st period - Snap shot by Matthew Tkachuk.
17:34 of 1st period - Stopped by Igor Shesterkin with a rebound.
18:35 of 1st period - Matthew Tkachuk is hit by Cam Fowler and loses puck.
18:38 of 1st period - Penalty to Garnet Hathaway is over, Garnet Hathaway is back on ice.
18:48 of 1st period - Slapshot by Drew Doughty.
18:48 of 1st period - Shot Misses the Net.
18:50 of 1st period - Snap shot by Oliver Bjorkstrand.
18:50 of 1st period - Shot Blocked by Conor Garland.
18:52 of 1st period - Slapshot by Rasmus Andersson.
18:52 of 1st period - Shot Blocked by Artemi Panarin.
18:54 of 1st period - Snap shot by Cole Sillinger.
18:54 of 1st period - Stopped by Igor Shesterkin with a rebound.
18:56 of 1st period - Backhand shot by Drew Doughty.
18:56 of 1st period - Deflect By Marcus Foligno.
18:56 of 1st period - Stopped by Igor Shesterkin without a rebound.
18:57 of 1st period - Nic Dowd wins face-off versus David Kampf in New York Rangers zone.
19:08 of 1st period - Wrist shot by Conor Garland.
19:08 of 1st period - Stopped by Ilya Sorokin with a rebound.
19:13 of 1st period - Icing by Garnet Hathaway.
19:14 of 1st period - Nic Dowd wins face-off versus Teuvo Teravainen in Calgary Flames zone.
19:29 of 1st period - Wrist shot by Teuvo Teravainen.
19:29 of 1st period - Stopped by Ilya Sorokin with a rebound.
19:31 of 1st period - Slapshot by Mathew Barzal.
19:31 of 1st period - Shot Blocked by Yakov Trenin.
Goals for this period are 0 for Calgary Flames vs 2 for New York Rangers.
Shots for this period are 9 for Calgary Flames vs 17 for New York Rangers.
2nd period
0:01 of 2nd period - J.T. Miller wins face-off versus Nathan MacKinnon in neutral zone.
0:30 of 2nd period - Slapshot by Sebastian Aho.
0:30 of 2nd period - Shot Misses the Net.
0:32 of 2nd period - Wrist shot by Sebastian Aho.
0:32 of 2nd period - Shot Misses the Net.
0:34 of 2nd period - Slapshot by Joel Eriksson Ek.
0:34 of 2nd period - Shot Blocked by Mathew Barzal.
0:36 of 2nd period - Wrist shot by Sebastian Aho.
0:36 of 2nd period - Shot Misses the Net.
1:16 of 2nd period - Snap shot by Mathew Barzal.
1:16 of 2nd period - Shot Misses the Net.
1:30 of 2nd period - Minor Penalty to Brendan Smith for Cross-checking.
1:31 of 2nd period - Mikael Granlund wins face-off versus Joel Eriksson Ek in New York Rangers zone.
1:58 of 2nd period - Marcus Foligno is hit by Oliver Bjorkstrand and loses puck.
2:26 of 2nd period - Oliver Bjorkstrand is hit by Dylan Strome and loses puck.
3:30 of 2nd period - Penalty to Brendan Smith is over, Brendan Smith is back on ice.
3:49 of 2nd period - Wrist shot by Nic Dowd.
3:49 of 2nd period - Deflect By Garnet Hathaway.
3:49 of 2nd period - Stopped by Igor Shesterkin with a rebound.
3:51 of 2nd period - Slapshot by Vincent Desharnais.
3:51 of 2nd period - Shot Misses the Net.
4:02 of 2nd period - Minor Penalty to Mathieu Joseph for Cross-checking.
4:03 of 2nd period - Pavel Zacha wins face-off versus Joe Pavelski in Calgary Flames zone.
4:15 of 2nd period - Off-side.
4:16 of 2nd period - Joe Pavelski wins face-off versus Pavel Zacha in neutral zone.
5:29 of 2nd period - Nikolaj Ehlers is hit by Jake Middleton and loses puck.
6:02 of 2nd period - Penalty to Mathieu Joseph is over, Mathieu Joseph is back on ice.
6:58 of 2nd period - Marcus Foligno is hit by Joel Eriksson Ek and loses puck.
7:19 of 2nd period - Wrist shot by Dylan Strome.
7:19 of 2nd period - Shot Misses the Net.
7:43 of 2nd period - Nic Dowd is hit by Adam Larsson and loses puck.
8:08 of 2nd period - Slapshot by Oliver Bjorkstrand.
8:08 of 2nd period - Shot Misses the Net.
8:10 of 2nd period - Snap shot by Rasmus Andersson.
8:10 of 2nd period - Shot Blocked by Nathan MacKinnon.
8:12 of 2nd period - Snap shot by Oliver Bjorkstrand.
8:12 of 2nd period - Shot Misses the Net.
8:54 of 2nd period - Jake McCabe is hit by Jeremy Lauzon and loses puck.
10:09 of 2nd period - Matthew Benning is hit by Rasmus Andersson and loses puck.
10:35 of 2nd period - Snap shot by Matthew Tkachuk.
10:35 of 2nd period - Shot Blocked by Brendan Smith.
10:59 of 2nd period - Wrist shot by Mathieu Joseph.
10:59 of 2nd period - Shot Misses the Net.
11:01 of 2nd period - Slapshot by Jeremy Lauzon.
11:01 of 2nd period - Stopped by Igor Shesterkin without a rebound.
11:02 of 2nd period - Sebastian Aho wins face-off versus Teuvo Teravainen in New York Rangers zone.
11:39 of 2nd period - Matthew Tkachuk is hit by Conor Garland and loses puck.
11:46 of 2nd period - David Kampf is hit by J.T. Miller and loses puck.
12:15 of 2nd period - Snap shot by David Kampf.
12:15 of 2nd period - Deflect By Conor Garland.
12:15 of 2nd period - Shot Misses the Net.
12:15 of 2nd period - Puck is out of play.
12:16 of 2nd period - Dylan Strome wins face-off versus Sebastian Aho in Calgary Flames zone.
12:17 of 2nd period - Snap shot by Artemi Panarin.
12:17 of 2nd period - Deflect By Joel Eriksson Ek.
12:17 of 2nd period - Shot Misses the Net.
12:17 of 2nd period - Puck is out of play.
12:18 of 2nd period - Dylan Strome wins face-off versus Sebastian Aho in Calgary Flames zone.
12:27 of 2nd period - Off-side.
12:28 of 2nd period - Dylan Strome wins face-off versus Sebastian Aho in neutral zone.
13:15 of 2nd period - Slapshot by Drew Doughty.
13:15 of 2nd period - Shot Misses the Net.
13:17 of 2nd period - Slapshot by Rasmus Andersson.
13:17 of 2nd period - Shot Misses the Net.
13:19 of 2nd period - Wrist shot by Cole Sillinger.
13:19 of 2nd period - Stopped by Igor Shesterkin without a rebound.
13:20 of 2nd period - Dylan Strome wins face-off versus Oliver Bjorkstrand in New York Rangers zone.
13:35 of 2nd period - Slapshot by Dylan Strome.
13:35 of 2nd period - Stopped by Ilya Sorokin with a rebound.
13:37 of 2nd period - Slapshot by Adam Larsson.
13:37 of 2nd period - Stopped by Ilya Sorokin with a rebound.
14:20 of 2nd period - Slapshot by Marcus Foligno.
14:20 of 2nd period - Shot Misses the Net.
14:48 of 2nd period - Dmitry Kulikov is hit by Matthew Tkachuk and loses puck.
15:23 of 2nd period - Wrist shot by Nic Dowd.
15:23 of 2nd period - Stopped by Igor Shesterkin without a rebound.
15:24 of 2nd period - Nic Dowd wins face-off versus Teuvo Teravainen in New York Rangers zone.
15:25 of 2nd period - Snap shot by Yakov Trenin.
15:25 of 2nd period - Stopped by Igor Shesterkin with a rebound.
15:31 of 2nd period - Wrist shot by Nic Dowd.
15:31 of 2nd period - Shot Misses the Net.
15:39 of 2nd period - Slapshot by Mathew Barzal.
15:39 of 2nd period - Stopped by Ilya Sorokin without a rebound.
15:40 of 2nd period - Dylan Strome wins face-off versus J.T. Miller in Calgary Flames zone.
15:47 of 2nd period - Snap shot by Artemi Panarin.
15:47 of 2nd period - Shot Blocked by Matthew Tkachuk.
15:49 of 2nd period - Slapshot by Nathan MacKinnon.
15:49 of 2nd period - Stopped by Ilya Sorokin without a rebound.
15:50 of 2nd period - Dylan Strome wins face-off versus J.T. Miller in Calgary Flames zone.
16:28 of 2nd period - Snap shot by Artemi Panarin.
16:28 of 2nd period - Shot Blocked by Jeff Petry.
16:30 of 2nd period - Snap shot by Nathan MacKinnon.
16:30 of 2nd period - Shot Misses the Net.
16:32 of 2nd period - Snap shot by Nathan MacKinnon.
16:32 of 2nd period - Shot Misses the Net.
16:34 of 2nd period - Slapshot by Adam Larsson.
16:34 of 2nd period - Stopped by Ilya Sorokin without a rebound.
16:35 of 2nd period - Teuvo Teravainen wins face-off versus Sebastian Aho in Calgary Flames zone.
16:36 of 2nd period - Snap shot by Nikolaj Ehlers.
16:36 of 2nd period - Shot Misses the Net.
16:39 of 2nd period - Icing by Drew Doughty.
16:40 of 2nd period - Sebastian Aho wins face-off versus Teuvo Teravainen in Calgary Flames zone.
16:40 of 2nd period - Sebastian Aho is hit by Brendan Smith.
17:48 of 2nd period - David Kampf is hit by Garnet Hathaway and loses puck.
18:09 of 2nd period - Wrist shot by Mathew Barzal.
18:09 of 2nd period - Stopped by Ilya Sorokin without a rebound.
18:10 of 2nd period - Sebastian Aho wins face-off versus Mathew Barzal in Calgary Flames zone.
18:20 of 2nd period - Minor Penalty to Dmitry Kulikov for Roughing.
18:21 of 2nd period - David Kampf wins face-off versus Oliver Bjorkstrand in New York Rangers zone.
18:29 of 2nd period - Snap shot by Jeff Petry.
18:29 of 2nd period - Deflect By Oliver Bjorkstrand.
18:29 of 2nd period - Stopped by Igor Shesterkin with a rebound.
18:31 of 2nd period - Snap shot by J.T. Miller.
18:31 of 2nd period - Stopped by Igor Shesterkin with a rebound.
Goals for this period are 0 for Calgary Flames vs 0 for New York Rangers.
Shots for this period are 7 for Calgary Flames vs 6 for New York Rangers.
3rd period
0:01 of 3rd period - David Kampf wins face-off versus Oliver Bjorkstrand in neutral zone.
0:12 of 3rd period - Wrist shot by Oliver Bjorkstrand.
0:12 of 3rd period - Shot Blocked by Matthew Benning.
0:20 of 3rd period - Penalty to Dmitry Kulikov is over, Dmitry Kulikov is back on ice.
0:30 of 3rd period - Slapshot by Jeff Petry.
0:30 of 3rd period - Shot Blocked by Adam Larsson.
0:32 of 3rd period - Slapshot by Jeff Petry.
0:32 of 3rd period - Goal by Jeff Petry - Calgary Flames : 1 - New York Rangers : 2.
0:33 of 3rd period - Joe Pavelski wins face-off versus Sebastian Aho in neutral zone.
0:44 of 3rd period - Snap shot by Cole Caufield.
0:44 of 3rd period - Stopped by Ilya Sorokin without a rebound.
0:45 of 3rd period - Dylan Strome wins face-off versus Sebastian Aho in Calgary Flames zone.
1:11 of 3rd period - Matthew Tkachuk is hit by Mathew Barzal and loses puck.
1:21 of 3rd period - Off-side.
1:22 of 3rd period - Joe Pavelski wins face-off versus Oliver Bjorkstrand in neutral zone.
1:45 of 3rd period - Oliver Bjorkstrand is hit by Mikael Granlund and loses puck.
2:10 of 3rd period - Snap shot by Cole Caufield.
2:10 of 3rd period - Shot Blocked by Rasmus Andersson.
2:12 of 3rd period - Snap shot by Cole Caufield.
2:12 of 3rd period - Shot Blocked by Oliver Bjorkstrand.
2:14 of 3rd period - Slapshot by Adam Larsson.
2:14 of 3rd period - Deflect By Joe Pavelski.
2:14 of 3rd period - Shot Misses the Net.
2:14 of 3rd period - Puck is out of play.
2:15 of 3rd period - J.T. Miller wins face-off versus Teuvo Teravainen in Calgary Flames zone.
2:17 of 3rd period - Double Minor Penalty to Jake Middleton for High sticking.
2:18 of 3rd period - Dylan Strome wins face-off versus Pavel Zacha in Calgary Flames zone.
2:26 of 3rd period - Slapshot by Cole Caufield.
2:26 of 3rd period - Shot Misses the Net.
2:28 of 3rd period - Slapshot by Nathan MacKinnon.
2:28 of 3rd period - Goal by Nathan MacKinnon - Calgary Flames : 1 - New York Rangers : 3.
2:29 of 3rd period - Dylan Strome wins face-off versus Pavel Zacha in neutral zone.
2:38 of 3rd period - Snap shot by Nathan MacKinnon.
2:38 of 3rd period - Deflect By Dylan Strome.
2:38 of 3rd period - Shot Misses the Net.
2:38 of 3rd period - Puck is out of play.
2:39 of 3rd period - Dylan Strome wins face-off versus Pavel Zacha in Calgary Flames zone.
2:58 of 3rd period - Snap shot by Nathan MacKinnon.
2:58 of 3rd period - Stopped by Ilya Sorokin with a rebound.
3:00 of 3rd period - Snap shot by Jake McCabe.
3:00 of 3rd period - Stopped by Ilya Sorokin without a rebound.
3:01 of 3rd period - Joel Eriksson Ek wins face-off versus Joe Pavelski in Calgary Flames zone.
3:10 of 3rd period - Snap shot by Joel Eriksson Ek.
3:10 of 3rd period - Shot Misses the Net.
3:12 of 3rd period - Wrist shot by Joel Eriksson Ek.
3:12 of 3rd period - Stopped by Igor Shesterkin with a rebound.
3:16 of 3rd period - Slapshot by Joel Eriksson Ek.
3:16 of 3rd period - Shot Blocked by Cam Fowler.
3:18 of 3rd period - Slapshot by Rasmus Andersson.
3:18 of 3rd period - Stopped by Igor Shesterkin with a rebound.
3:28 of 3rd period - J.T. Miller is hit by Artemi Panarin and loses puck.
4:28 of 3rd period - Penalty to Jake Middleton is over, Jake Middleton is back on ice.
4:34 of 3rd period - Jeremy Lauzon is hit by Nikolaj Ehlers and loses puck.
5:26 of 3rd period - Minor Penalty to Artemi Panarin for Cross-checking.
5:27 of 3rd period - David Kampf wins face-off versus Oliver Bjorkstrand in New York Rangers zone.
5:27 of 3rd period - David Kampf is hit by Zach Hyman.
6:30 of 3rd period - Dylan Strome is hit by Jeremy Lauzon.
7:26 of 3rd period - Penalty to Artemi Panarin is over, Artemi Panarin is back on ice.
7:49 of 3rd period - Minor Penalty to Brendan Smith for Hooking.
7:50 of 3rd period - Mikael Granlund wins face-off versus Joel Eriksson Ek in New York Rangers zone.
8:55 of 3rd period - Jeremy Lauzon is hit by David Kampf and loses puck.
9:49 of 3rd period - Penalty to Brendan Smith is over, Brendan Smith is back on ice.
9:49 of 3rd period - Slapshot by Drew Doughty.
9:49 of 3rd period - Stopped by Igor Shesterkin without a rebound.
9:50 of 3rd period - Nic Dowd wins face-off versus Dylan Strome in New York Rangers zone.
10:52 of 3rd period - Snap shot by J.T. Miller.
10:52 of 3rd period - Stopped by Igor Shesterkin without a rebound.
10:53 of 3rd period - David Kampf wins face-off versus J.T. Miller in New York Rangers zone.
10:58 of 3rd period - Snap shot by J.T. Miller.
10:58 of 3rd period - Shot Misses the Net.
11:07 of 3rd period - J.T. Miller is hit by Conor Garland and loses puck.
11:18 of 3rd period - Wrist shot by Nathan MacKinnon.
11:18 of 3rd period - Shot Misses the Net.
13:28 of 3rd period - Snap shot by Garnet Hathaway.
13:28 of 3rd period - Stopped by Igor Shesterkin without a rebound.
13:29 of 3rd period - Nic Dowd wins face-off versus Dylan Strome in New York Rangers zone.
13:38 of 3rd period - Wrist shot by Artemi Panarin.
13:38 of 3rd period - Stopped by Ilya Sorokin without a rebound.
13:39 of 3rd period - Nathan MacKinnon wins face-off versus J.T. Miller in Calgary Flames zone.
13:45 of 3rd period - Icing by Rasmus Andersson.
13:46 of 3rd period - Dylan Strome wins face-off versus J.T. Miller in Calgary Flames zone.
14:03 of 3rd period - Snap shot by J.T. Miller.
14:03 of 3rd period - Stopped by Igor Shesterkin without a rebound.
14:04 of 3rd period - Teuvo Teravainen wins face-off versus Sebastian Aho in New York Rangers zone.
14:04 of 3rd period - Teuvo Teravainen is hit by Joel Eriksson Ek.
14:16 of 3rd period - Snap shot by Nikolaj Ehlers.
14:16 of 3rd period - Stopped by Ilya Sorokin with a rebound.
14:18 of 3rd period - Wrist shot by Nikolaj Ehlers.
14:18 of 3rd period - Shot Misses the Net.
14:20 of 3rd period - Snap shot by Nikolaj Ehlers.
14:20 of 3rd period - Shot Blocked by Sebastian Aho.
14:30 of 3rd period - Nathan MacKinnon is hit by Jeremy Lauzon and loses puck.
15:07 of 3rd period - Joe Pavelski is hit by Cole Sillinger and loses puck.
15:30 of 3rd period - Wrist shot by Cole Caufield.
15:30 of 3rd period - Stopped by Ilya Sorokin without a rebound.
15:31 of 3rd period - J.T. Miller wins face-off versus Dylan Strome in Calgary Flames zone.
15:38 of 3rd period - Wrist shot by Pavel Zacha.
15:38 of 3rd period - Deflect By J.T. Miller.
15:38 of 3rd period - Shot Misses the Net.
15:38 of 3rd period - Puck is out of play.
15:39 of 3rd period - J.T. Miller wins face-off versus Dylan Strome in New York Rangers zone.
15:40 of 3rd period - Snap shot by Matthew Tkachuk.
15:40 of 3rd period - Stopped by Igor Shesterkin without a rebound.
15:41 of 3rd period - Dylan Strome wins face-off versus J.T. Miller in New York Rangers zone.
15:54 of 3rd period - Matthew Benning is hit by Matthew Tkachuk and loses puck.
16:23 of 3rd period - Slapshot by Artemi Panarin.
16:23 of 3rd period - Shot Blocked by Jeff Petry.
16:25 of 3rd period - Slapshot by Matthew Benning.
16:25 of 3rd period - Shot Misses the Net.
16:27 of 3rd period - Wrist shot by Artemi Panarin.
16:27 of 3rd period - Stopped by Ilya Sorokin without a rebound.
16:28 of 3rd period - Joe Pavelski wins face-off versus Oliver Bjorkstrand in Calgary Flames zone.
16:33 of 3rd period - Backhand shot by Cole Caufield.
16:33 of 3rd period - Shot Misses the Net.
16:35 of 3rd period - Slapshot by Adam Larsson.
16:35 of 3rd period - Shot Blocked by Cole Sillinger.
17:06 of 3rd period - Snap shot by Yakov Trenin.
17:06 of 3rd period - Stopped by Igor Shesterkin without a rebound.
17:07 of 3rd period - Joe Pavelski wins face-off versus Sebastian Aho in New York Rangers zone.
18:46 of 3rd period - Slapshot by Sebastian Aho.
18:46 of 3rd period - Stopped by Igor Shesterkin with a rebound.
18:56 of 3rd period - Slapshot by J.T. Miller.
18:56 of 3rd period - Stopped by Igor Shesterkin without a rebound.
18:57 of 3rd period - Cole Caufield wins face-off versus Pavel Zacha in New York Rangers zone.
19:07 of 3rd period - Mikael Granlund is hit by J.T. Miller and loses puck.
19:20 of 3rd period - Wrist shot by Mathieu Joseph.
19:20 of 3rd period - Stopped by Igor Shesterkin with a rebound.
19:22 of 3rd period - Snap shot by Cole Sillinger.
19:22 of 3rd period - Shot Misses the Net.
19:26 of 3rd period - Wrist shot by Mathieu Joseph.
19:26 of 3rd period - Shot Misses the Net.
19:28 of 3rd period - Snap shot by Drew Doughty.
19:28 of 3rd period - Shot Blocked by Cam Fowler.
19:30 of 3rd period - Wrist shot by Rasmus Andersson.
19:30 of 3rd period - Shot Blocked by Brendan Smith.
Goals for this period are 1 for Calgary Flames vs 1 for New York Rangers.
Shots for this period are 12 for Calgary Flames vs 8 for New York Rangers.
Back to the Top